 Dungeon Crawl Stone Soup version 0.26-a0-52-gd53d4cd058 (webtiles) character file.

Game seed: 4113659625488661745

6011 Hasart the Basher (level 10, -9/64 HPs)
             Began as a Gargoyle Fighter on June 6, 2020.
             Was a Believer of Okawaru.
             Killed from afar by an orc sorcerer (17 damage)
             ... with a bolt of fire
             ... on level 2 of the Orcish Mines.
             The game lasted 00:15:34 (9496 turns).

Hasart the Basher (Gargoyle Fighter)                Turns: 9496, Time: 00:15:34

Health: -9/64      AC: 15    Str: 22    XL:     10   Next: 86%
Magic:  0/12       EV:  8    Int: 10    God:    Okawaru [**....]
Gold:   379        SH: 12    Dex:  9    Spells: 9/9 levels left

rFire    . . .     SeeInvis .   A - +1 hand axe (elec)
rCold    . . .     Gourm    .   c - +1 kite shield
rNeg     + . .     Faith    .   b - +0 scale mail
rPois    ∞         Spirit   +   (no helmet)
rElec    +         Reflect  .   (no cloak)
rCorr    .         Harm     .   (no gloves)
MR       .....                  (no boots)
Stlth    ..........             z - amulet "Wecsukant" {Spirit +Fly}
HPRegen  0.20/turn              (no ring)
MPRegen  0.13/turn              (no ring)

@: lightly drained
A: negative energy resistance 1, electricity resistance, unbreathing,
petrification resistance, rot immunity, AC +7
a: Heroism, Renounce Religion, Evoke Flight


You were on level 2 of the Orcish Mines.
You worshipped Okawaru.
Okawaru was pleased with you.
You were not hungry.

You visited 3 branches of the dungeon, and saw 12 of its levels.

You collected 611 gold pieces.
You spent 232 gold pieces at shops.

Inventory:

Hand Weapons
 a - a +0 flail
 x - the +8 hunting sling of Havoc {flame, rElec rC+ SInv}
   (You took it off a crimson imp on level 5 of the Dungeon)

   It causes projectiles fired from it to burn those they strike, causing extra
   injury to most foes and up to half again as much damage against particularly
   susceptible opponents.
   It protects you from cold.
   It insulates you from electricity.
   It lets you see invisible.
 A - a +1 hand axe of electrocution (weapon)
 C - a +1 vorpal war axe
Missiles
 q - 16 boomerangs (quivered)
 y - 55 sling bullets
Armour
 b - a +0 scale mail (worn)
 c - a +1 kite shield (worn)
Jewellery
 z - the amulet "Wecsukant" (around neck) {Spirit +Fly}
   (You found it on level 5 of the Dungeon)

   [amulet of guardian spirit]

   It causes incoming damage to be split between your health and magic.
   It lets you fly.
 D - a +4 ring of protection {unknown}
Wands
 E - a wand of digging (6)
 F - a wand of paralysis (8)
Scrolls
 g - 2 scrolls of magic mapping {unknown}
 j - 3 scrolls of amnesia {unknown}
 l - 3 scrolls of random uselessness {unknown}
 n - 8 scrolls of identify
 r - 5 scrolls of teleportation
 s - a scroll of enchant armour
 u - 5 scrolls of remove curse
 v - 2 scrolls of blinking
Potions
 d - 2 potions of might
 e - 3 potions of stabbing
 h - 2 potions of flight {unknown}
 i - a potion of haste {unknown}
 k - a potion of ambrosia {unknown}
 m - 5 potions of curing
 t - 2 potions of lignification {unknown}
 w - a potion of mutation {unknown}
 B - 3 potions of magic {unknown}
Comestibles
 f - 15 rations
 p - a chunk of flesh


   Skills:
 + Level 7.8(7.5) Fighting
 * Level 9.4(9.1) Maces & Flails
 + Level 5.7(5.4) Throwing
 + Level 7.7(7.4) Armour
 + Level 7.8(7.5) Shields
 + Level 2.6(2.4) Invocations


You had 9 spell levels left.
You didn't know any spells.
Your spell library contained the following spells:

 Spells                   Type           Power        Failure   Level  Hunger
 Magic Dart               Conj           #...         93%         1    ##.....
 Blink                    Tloc           N/A          98%         2    ###....
 Call Imp                 Summ           #.......     98%         2    ###....
 Slow                     Hex            #.......     98%         2    ###....
 Conjure Flame            Conj/Fire      #.......     100%        3    ####...
 Mephitic Cloud           Conj/Pois/Air  #.......     100%        3    ####...


Dungeon Overview and Level Annotations

Branches:
Dungeon (9/15)             Temple (1/1) D:4             Orc (1/2) D:9
   Lair: D:8-11

Altars:
Ashenzari
Cheibriados
Dithmenos
Elyvilon
Fedhas
Gozag
Hepliaklqana
Kikubaaqudgha
Makhleb
Nemelex Xobeh
Okawaru
Qazlal
Ru
Sif Muna
Trog
Vehumet
Wu Jian
Xom
Zin

Shops:
D:5 !   D:8 *[?   Orc:1 *   Orc:2 *

Annotations:
D:6 1 runed translucent door, Crazy Yiuf


Innate Abilities, Weirdness & Mutations

You are resistant to torment.
Your stone body is resilient. (AC +7)
You are immune to poison.
You resist negative energy. (rN+)
You are resistant to electric shocks. (rElec)
You can survive without breathing.
You are immune to petrification.
You are immune to rotting.


Message History

The orc warrior hits you from afar with a cursed -1 glaive.
The red devil barely misses you.
The orc sorcerer gestures at you while chanting.
The bolt of fire hits you!!
* * * LOW HITPOINT WARNING * * *
You can move again.
You see here a troll corpse.
Unknown command.
Unknown command.
You feel much better.
The red devil hits you from afar with a +2 vampiric demon trident.
The orc warrior barely misses you.
The orc sorcerer hits you but does no damage.
Unknown command.
You barely miss the orc sorcerer.
The red devil hits you from afar with a +2 vampiric demon trident!
* * * LOW HITPOINT WARNING * * *
The orc sorcerer gestures at you while chanting.
The bolt of fire hits you!
You die...

...8.P.... ...
.........### .....
....4P.....# ##.....
☼E.........##.......
#.o..$...........
##.#T....O.....#
##..o.......#
###........#
#.@o4......#
##.........#
##.))#...##
###.#..## ######


You could see an orc sorcerer, a red devil (summoned), an orc warrior and an
ogre.

Vanquished Creatures
  Erica (D:9)
  Pikel (D:5)
  A troll (Orc:2)
  Grinder (D:3)
  Sigmund (D:4)
  Menkaure (D:5)
  A hungry ghost (D:9)
  A warg (Orc:1)
  2 soldier ants (D:8)
  A sky beast (D:8)
  2 black bears
  6 orc warriors
  5 phantoms
  4 ogres
  4 centaurs
  A big kobold (D:7)
  A bullfrog (D:8)
  2 scorpions
  A troll zombie (D:9)
  3 killer bees (D:7)
  A bullfrog zombie (D:6)
  A crimson imp (D:5)
  3 jellies
  5 orc priests
  A bullfrog skeleton (D:5)
  A centaur skeleton (D:8)
  9 hounds
  7 orc wizards
  Terence (D:3)
  An iguana (D:6)
  8 worker ants
  6 ogre zombies (D:9)
  A hound skeleton (D:5)
  A worker ant zombie (D:9)
  3 gnolls (D:9)
  12 adders
  2 shadow imps
  3 adder zombies
  6 worms
  A dart slug (D:1)
  4 leopard geckos
  32 orcs
  5 giant cockroaches
  7 goblins
  8 hobgoblins
  8 jackals
  7 quokkas
  3 ball pythons
  6 bats
  6 frilled lizards
  4 goblin skeletons (D:9)
  A hobgoblin skeleton (D:9)
  2 hobgoblin zombies (D:9)
  10 kobolds
  3 orc skeletons (D:9)
  13 orc zombies (D:9)
  5 rats
237 creatures vanquished.

Vanquished Creatures (others)
  2 orc wizards (D:5)
  2 orcs (D:5)
  4 fungi (Orc:2)
8 creatures vanquished.

Grand Total: 245 creatures vanquished

Notes
Turn   | Place    | Note
-------+----------+-------------------------------------------
     0 | D:1      | Hasart the Gargoyle Fighter began the quest for the Orb.
     0 | D:1      | Reached XP level 1. HP: 14/14 MP: 1/1
   210 | D:1      | Reached XP level 2. HP: 19/19 MP: 2/2
   533 | D:2      | Reached XP level 3. HP: 21/23 MP: 3/3
   810 | D:2      | Reached XP level 4. HP: 29/29 MP: 4/4
   940 | D:2      | Reached skill level 3 in Maces & Flails
  1580 | D:3      | Reached skill level 1 in Throwing
  1673 | D:3      | Noticed Terence
  1709 | D:3      | Killed Terence
  1709 | D:3      | Reached XP level 5. HP: 27/33 MP: 5/5
  1857 | D:3      | Noticed Grinder
  1869 | D:3      | Paralysed by Grinder for 6 turns
  1878 | D:3      | Paralysed by Grinder for 2 turns
  1881 | D:3      | Paralysed by Grinder for 4 turns
  1887 | D:3      | Killed Grinder
  1887 | D:3      | Reached skill level 4 in Maces & Flails
  1887 | D:3      | Reached XP level 6. HP: 11/39 MP: 6/6
  2490 | D:4      | Noticed Sigmund
  2539 | D:4      | Killed Sigmund
  2539 | D:4      | Reached XP level 7. HP: 11/44 MP: 7/7
  3014 | D:4      | Reached skill level 5 in Fighting
  3014 | D:4      | Reached skill level 5 in Maces & Flails
  3169 | D:4      | Found a staircase to the Ecumenical Temple.
  3317 | D:4      | Reached skill level 5 in Armour
  3317 | D:4      | Reached skill level 5 in Shields
  3452 | D:4      | Reached XP level 8. HP: 38/49 MP: 8/8
  3616 | D:5      | Entered Level 5 of the Dungeon
  3740 | D:5      | Found Gahakli's Distillery.
  3743 | D:5      | Bought a potion of curing for 45 gold pieces
  3743 | D:5      | Bought 2 potions of degeneration for 30 gold pieces
  3743 | D:5      | Bought a potion of heal wounds for 75 gold pieces
  3759 | D:5      | Identified the +8 hunting sling of Havoc {flame, rElec rC+
                  | SInv}
  3763 | D:5      | Noticed Menkaure
  3774 | D:5      | Killed Menkaure
  3997 | D:5      | Reached skill level 6 in Maces & Flails
  4371 | D:5      | Noticed Pikel
  4414 | D:5      | Killed Pikel
  4414 | D:5      | Reached XP level 9. HP: 49/55 MP: 9/9
  4471 | D:5      | Reached skill level 7 in Maces & Flails
  4564 | D:5      | Got a translucent steel amulet
  4565 | D:5      | Identified the amulet "Wecsukant" {Spirit +Fly} (You found
                  | it on level 5 of the Dungeon)
  5459 | D:6      | Identified the cursed +0 robe "Qeseheti" {rN+++ Str-3
                  | Stlth+}
  5847 | D:6      | Found a runed translucent door.
  5848 | D:6      | Noticed Crazy Yiuf
  6486 | D:7      | Found a white marble altar of Elyvilon.
  6522 | D:7      | Reached skill level 8 in Maces & Flails
  7207 | D:8      | Reached XP level 10. HP: 50/63 MP: 7/10
  7213 | D:8      | Reached skill level 5 in Throwing
  7420 | Temple   | Entered the Ecumenical Temple
  7460 | Temple   | Became a worshipper of Warmaster Okawaru
  7739 | D:8      | Found Oschoorao's Armour Shop.
  7752 | D:8      | Found Roudwute's Magic Scroll Emporium.
  7760 | D:8      | Bought a scroll of blinking for 82 gold pieces
  8390 | D:8      | Found Amiw Fuu's General Store.
  8707 | D:9      | Reached skill level 1 in Invocations
  8740 | D:9      | Noticed Erica
  8759 | D:9      | Killed Erica
  8759 | D:9      | Reached * piety under Okawaru
  8759 | D:9      | Reached skill level 9 in Maces & Flails
  8801 | D:9      | Found a staircase to the Orcish Mines.
  9303 | Orc:1    | Entered Level 1 of the Orcish Mines
  9450 | Orc:1    | Found Mieff's Assorted Antiques.
  9450 | Orc:1    | You fall into a shaft and drop 1 floor!
  9450 | Orc:2    | Entered Level 2 of the Orcish Mines
  9476 | Orc:2    | Found Pegry's General Store.
  9477 | Orc:2    | Noticed an orc sorcerer
  9479 | Orc:2    | Noticed an orange demon
  9489 | Orc:2    | Reached ** piety under Okawaru
  9490 | Orc:2    | Paralysed by an orc sorcerer for 5 turns
  9494 | Orc:2    | HP: 2/64 [orc sorcerer/bolt of fire (19)]
  9496 | Orc:2    | Killed from afar by an orc sorcerer

Illustrated notes

Levels and vault maps discovered:
D:1:      zelgadis_glass_arrival_small, layout_basic
D:2:      layout_loops_ring, minmay_indecisive_spiral
D:3:      layout_loops_cross, first_ration, glass_columns_a, uniq_grinder,
          uniq_terence
D:4:      layout_cave_pods, minmay_temple_entry_enclosed_plants, uniq_sigmund
D:5:      layout_rooms, serial_shops, kennysheep_mini_moat,
          guppyfry_early_orc_mine, uniq_menkaure, uniq_pikel
D:6:      layout_layer_cave, uniq_crazy_yiuf_cottage
D:7:      layout_basic, elyvilon_altar_5
D:8:      layout_layer_cave, serial_shops, shop, shop_statue, shop_fountains,
          hangedman_pestilent_swarm
D:9:      layout_irregular_city, zombieorc2_lemuel, uniq_erica
Temple:   nicolae_temple_the_god_donut
Orc:1:    layout_caves, serial_shops, shop_fountains
Orc:2:    grunt_orc_gardens, layout_diamond_mine, grunt_orc_garden,
          grunt_orc_garden, grunt_orc_garden, grunt_orc_garden, uniq_azrael

Skill      XL: |  1  2  3  4  5  6  7  8  9 10 |
---------------+-------------------------------+-----
Maces & Flails | 3 4 5 6 8 9 |  9.4
Fighting       | 4 5 6 7 |  7.8
Throwing       | 1 2 4 5 |  5.7
Shields        | 4 5 6 7 |  7.8
Armour         | 4 5 6 7 |  7.7
Invocations    | 2 |  2.6

Action                   |  1- 3 |  4- 6 |  7- 9 | 10-12 || total
-------------------------+-------+-------+-------+-------++-------
Melee: Flail             |   152 |   205 |   230 |       ||   587
       War axe           |       |       |    97 |    45 ||   142
       Hand axe          |       |       |       |   227 ||   227
 Fire: Hunting sling     |       |       |    45 |       ||    45
Throw: Dart              |     2 |    20 |     6 |       ||    28
       Boomerang         |       |       |     4 |     4 ||     8
  Use: Scroll            |       |       |     5 |       ||     5
       Potion            |       |       |     1 |     1 ||     2
  Eat: Chunk             |       |     6 |    15 |    10 ||    31
Armor: Scale mail        |    76 |   132 |   156 |   107 ||   471
Dodge: Dodged            |    58 |    74 |   105 |    67 ||   304
Block: Kite shield       |    97 |   117 |   183 |   154 ||   551

Table legend:
 A = Non-vault XP
 B = Vault XP
 C = Vault XP percentage of total XP
 D = Non-vault monster count
 E = Vault monster count
 F = Vault count percentage of total count
                 A         B        C        D         E       F
            +---------+---------+-------+---------+---------+-------
      Total |    4817 |    3771 |  43.9 |     183 |      55 |  23.1
            +---------+---------+-------+---------+---------+-------
        D:1 |      27 |       0 |   0.0 |      15 |       0 |   0.0
        D:2 |      81 |      22 |  21.4 |      32 |       4 |  11.1
        D:3 |      35 |     322 |  90.2 |      12 |       2 |  14.3
        D:4 |     575 |     223 |  27.9 |      10 |       1 |   9.1
        D:5 |     548 |     984 |  64.2 |      21 |       9 |  30.0
        D:6 |     801 |       0 |   0.0 |      17 |       0 |   0.0
        D:7 |    1038 |       0 |   0.0 |      28 |       0 |   0.0
        D:8 |     649 |     320 |  33.0 |      23 |       4 |  14.8
        D:9 |     513 |    1604 |  75.8 |      15 |      34 |  69.4
      Orc:1 |     375 |       0 |   0.0 |       5 |       0 |   0.0
      Orc:2 |     175 |     296 |  62.8 |       5 |       1 |  16.7
            +---------+---------+-------+---------+---------+-------
